 Dungeon Crawl Stone Soup version 0.30.1-3-gfc49f6343a (webtiles) character file.

Game seed: 1403702387615946512

1768 shmup the Arsonist (level 9, -4/48 HPs)
             Began as a Tengu Fire Elementalist on July 20, 2023.
             Was a Follower of Qazlal.
             Killed by an exploding orc warrior (39 damage)
             ... ignited by their inner flame
             ... on level 7 of the Dungeon.
             The game lasted 00:20:56 (7486 turns).

shmup the Arsonist (Tengu Fire Elementalist)        Turns: 7486, Time: 00:20:57

Health: -4/48      AC:  5    Str:  9    XL:     9   Next: 7%
Magic:  4/13       EV: 21    Int: 19    God:    Qazlal [*.....]
Gold:   187        SH:  1    Dex: 15    Spells: 6/12 levels left

rFire   . . .        a - +2 dagger (venom)
rCold   . . .        (no shield)
rNeg    . . .        z - +0 robe
rPois   .            (helmet restricted)
rElec   .            F - +2 cloak
rCorr   .            (no gloves)
SInv    +            (boots unavailable)
Will    .....        (no amulet)
Stlth   ++           q - +5 ring of evasion
HPRegen 0.28/turn    v - ring of see invisible
MPRegen 0.13/turn

%: no passive effects
@: flying quickly and evasively, quick
A: beak, talons 3, nimble flight
a: Renounce Religion


You were on level 7 of the Dungeon.
You worshipped Qazlal.
Qazlal was aware of your devotion.
You visited 2 branches of the dungeon, and saw 8 of its levels.

You collected 352 gold pieces.
You spent 165 gold pieces at shops.

Inventory:

Hand Weapons
 a - a +2 dagger of venom (weapon)
 b - a +1 scimitar of holy wrath
 d - a +0 whip
 j - a +1 dagger
Missiles
 f - 15 stones (quivered)
 t - 7 poisoned darts
Armour
 z - a +0 robe (worn)
 F - a +2 cloak (worn)
Jewellery
 q - a +5 ring of evasion (left hand)
 s - a ring of resist corrosion
 v - a ring of see invisible (right hand)
 B - a ring of protection from fire
 E - a ring of protection from cold
Wands
 r - a wand of flame (11)
 x - a wand of iceblast (9)
 G - a wand of mindburst (4)
 H - a wand of quicksilver (7)
Scrolls
 i - 2 scrolls of magic mapping {unknown}
 k - 2 scrolls of fog
 l - a scroll of amnesia
 m - a scroll of immolation {unknown}
 p - 3 scrolls of teleportation
 w - 2 scrolls of blinking {unknown}
 y - a scroll of silence {unknown}
 D - a scroll of poison {unknown}
 I - a scroll of vulnerability {unknown}
Potions
 c - 2 potions of invisibility
 e - 3 potions of mutation
 h - 4 potions of heal wounds
 n - 2 potions of curing
 o - a potion of resistance {unknown}
 u - 2 potions of attraction
 A - a potion of flight {unknown}
 C - a potion of berserk rage {unknown}
 J - a potion of brilliance {unknown}


   Skills:
 + Level 1.8 Fighting
 * Level 4.0 Dodging
 - Level 2.0 Stealth
 - Level 2.0 Spellcasting
 + Level 7.7 Conjurations
 - Level 2.0 Hexes
 * Level 9.8 Fire Magic


You had 6 spell levels left.
You knew the following spells:

 Your Spells              Type           Power      Damage    Failure   Level
a - Foxfire               Conj/Fire      100%       2x1d9     1%          1
b - Scorch                Fire           78%        2d8       1%          2
c - Inner Flame           Hex/Fire       24%        N/A       4%          3

Your spell library contained the following spells:

 Spells                   Type           Power      Damage    Failure   Level
 Flame Wave               Conj/Fire      35%        2d10      4%          4
 Volatile Blastmotes      Fire/Tloc      40%        2d13      7%          3


Dungeon Overview and Level Annotations

Branches:
Dungeon (7/15)             Temple (1/1) D:5

Altars:
Ashenzari
Cheibriados
Dithmenos
Elyvilon
Gozag
Kikubaaqudgha
Makhleb
Qazlal
Ru
Sif Muna
Trog
Vehumet
Wu Jian
Xom
Yredelemnul

Shops:
D:5 [

Annotations:
D:5 1 transporter, superradish's ghost, novice TrGl


Innate Abilities, Weirdness & Mutations

You have a beak for a mouth.
You have claws for feet.
Your magical nature lets you fly swiftly and evasively.


Message History

As you read the scroll of identify, it crumbles to dust.
e - 3 potions of mutation
Okay, then.
Done exploring.
You see here 2 stones.
There is a stone staircase leading down here.
You fly downwards.
There is a stone staircase leading up here.
Casting: Scorch (safe; 1% risk of failure)
Confirm with . or Enter, or press ? or * to list all spells.
Aiming: Inner Flame (dangerous; 4% risk of failure)
Press: ? - help, Dir - move target, f - orc warrior
Aim: an orc warrior, wielding a +3 hand axe and wearing a +0 chain mail (chance to affect: 79%)
The orc warrior is filled with an inner flame.
Casting: Inner Flame (dangerous; 4% risk of failure)
Confirm with . or Enter, or press ? or * to list all spells.
Flames lash the orc warrior.
Flame seeps out of the orc warrior.
The orc warrior is lightly wounded.
The orc warrior's fire resistance burns away.
The orc warrior is engulfed in blazing flames.
Flame seeps out of the orc warrior.
Casting: Scorch (safe; 1% risk of failure)
Confirm with . or Enter, or press ? or * to list all spells.
Flames lash the orc.
You kill the orc!
Qazlal accepts your kill.
The orc warrior hits you with a +3 hand axe!
Unknown command.
Casting: Scorch (safe; 1% risk of failure)
Confirm with . or Enter, or press ? or * to list all spells.
Flames lash the orc warrior.
The orc warrior is burned terribly!
Flame seeps out of the orc warrior.
The orc warrior is severely wounded.
A centaur zombie comes into view.
The orc warrior is engulfed in blazing flames.
Qazlal accepts your kill.
The orc warrior explodes!
The fiery explosion engulfs you!!!
Ouch! That really hurt!
You die...

▒▒▒ ▒.......... ..▒▒
▒...=......
▒.[▒▒▒▒▒▒.........▒▒
▒....%...?.........▒
..▒.▒▒▒▒▒.<........▒
▒▒▒.o..▒▒....)>....▒▒▒▒▒
▒▒▒▒..▒.....0##......▒
▒▒▒.▒.....#☼##......
▒...o.....##Q.......
▒...▒▒▒▒.............Z
...... ▒▒▒▒▒▒.........
..... ▒......... .....
▒......... ..▒.
▒......... ▒.▒.
▒......... ▒▒........


You could see a centaur zombie.

Vanquished Creatures
  Grinder (D:3)
  2 black bears
  An orc warrior (D:7)
  A sky beast (D:7)
  2 ogres
  A centaur (D:7)
  2 bullfrogs
  3 scorpions
  A wight (D:7)
  2 centaur zombies (D:7)
  A jelly (D:5)
  6 hounds
  2 iguanas (D:7)
  Jessica (D:3)
  A gnoll bouda (D:6)
  Ijyb (D:4)
  3 sleepcaps
  A howler monkey zombie (D:7)
  4 gnolls (D:6)
  8 adders
  A white imp (D:6)
  A dart slug (D:4)
  5 orcs
  6 endoplasms
  A giant cockroach (D:4)
  2 goblins
  7 hobgoblins
  10 jackals
  9 kobolds
  5 quokkas
  8 ball pythons
  2 bats (D:1)
  A frilled lizard (D:3)
  4 rats
106 creatures vanquished.

Vanquished Creatures (others)
  248 foxfires
248 creatures vanquished.

Grand Total: 354 creatures vanquished

Notes
Turn   | Place    | Note
-------+----------+-------------------------------------------
     0 | D:1      | shmup the Tengu Fire Elementalist began the quest for the
                  | Orb.
     0 | D:1      | Reached XP level 1. HP: 10/10 MP: 4/4
   244 | D:1      | Reached XP level 2. HP: 15/15 MP: 1/6
   503 | D:1      | Reached skill level 4 in Fire Magic
  1033 | D:2      | Found a bloodstained altar of Trog.
  1360 | D:3      | Reached XP level 3. HP: 19/19 MP: 4/7
  1399 | D:3      | Learned a level 2 spell: Scorch
  1435 | D:3      | Noticed Jessica
  1440 | D:3      | Killed Jessica
  1543 | D:3      | Found a broken altar of Ashenzari.
  1622 | D:3      | Reached XP level 4. HP: 23/24 MP: 4/8
  1677 | D:3      | Found a radiant altar of Vehumet.
  1831 | D:3      | Noticed Grinder
  1840 | D:3      | Paralysed by Grinder for 3 turns
  1847 | D:3      | Killed Grinder
  1848 | D:3      | Reached skill level 6 in Fire Magic
  1848 | D:3      | Gained mutation: Your magical nature lets you fly swiftly
                  | and evasively. [Tengu growth]
  1848 | D:3      | Reached XP level 5. HP: 25/28 MP: 1/9
  1848 | D:3      | Reached XP level 6. HP: 29/32 MP: 1/10
  2105 | D:3      | Found a sacrificial altar of Ru.
  2564 | D:4      | Reached skill level 5 in Conjurations
  2966 | D:4      | Reached skill level 7 in Fire Magic
  2966 | D:4      | Reached XP level 7. HP: 36/36 MP: 2/11
  3099 | D:4      | Noticed Ijyb
  3115 | D:4      | Killed Ijyb
  3387 | D:4      | Learned a level 3 spell: Inner Flame
  3944 | D:5      | Entered Level 5 of the Dungeon
  4018 | D:5      | Found a staircase to the Ecumenical Temple.
  4046 | Temple   | Entered the Ecumenical Temple
  4138 | Temple   | Became a worshipper of Qazlal Stormbringer
  4178 | D:5      | Found Ceuxou Koci's Antique Armour Boutique.
  4388 | D:5      | Found a transporter.
  4390 | D:5      | Noticed superradish's ghost (novice TrGl)
  4394 | D:5      | Identified the +6 great mace of Arbitration {pain, Contam
                  | Str+7 Stlth+}
  4474 | D:5      | Reached skill level 1 in Hexes
  4474 | D:5      | Reached skill level 8 in Fire Magic
  4952 | D:5      | Found a white marble altar of Elyvilon.
  5424 | D:5      | Bought a runed cloak for 165 gold pieces
  5652 | D:6      | Reached XP level 8. HP: 41/41 MP: 3/12
  6340 | D:6      | Reached skill level 9 in Fire Magic
  6832 | D:7      | Reached skill level 1 in Fighting
  7315 | D:7      | Reached XP level 9. HP: 48/48 MP: 9/13
  7348 | D:6      | Reached * piety under Qazlal
  7486 | D:7      | Killed by an exploding orc warrior... ignited by their
                  | inner flame

Illustrated notes

Levels and vault maps discovered:
D:1:      sevenhm_arrival_forest_fort_small_3, layout_rooms,
          minmay_close_crescents
D:2:      layout_basic, basic_altar
D:3:      layout_loops_cross, cheibrodos_ashenzari_chains,
          vehumet_altar_wand_db, nicolae_ru_the_path_less_chosen,
          chequers_jeans, minmay_misc_feat_diagonals, minmay_misc_feat_hallway,
          uniq_grinder, uniq_jessica
D:4:      layout_layer_cave, uniq_ijyb
D:5:      layout_layer_cave, kennysheep_little_box,
          minmay_temple_entry_crystal_x, serial_shops, shop,
          gammafunk_ghost_smash, wad_floor_pattern_untrapped
D:6:      layout_loops_ring
D:7:      layout_rooms, serial_undead, serial_undead_a, serial_undead_e,
          serial_undead_f, serial_undead_b, serial_undead_e, uniq_prince_ribbit1
Temple:   nicolae_temple_two_arcs

Skill      XL: |  1  2  3  4  5  6  7  8  9 |
---------------+----------------------------+-----
Conjurations   | 2 4 5 6 7 |  7.7
Fire Magic     | 4 6 7 8 9 |  9.8
Hexes          | 1 2 |  2.0
Dodging        | 3 4 |  4.0
Fighting       | 1 |  1.8
Stealth        | |  2.0
Spellcasting   | |  2.0

Action                     |  1- 3 |  4- 6 |  7- 9 || total
---------------------------+-------+-------+-------++-------
  Melee: Dagger            |     4 |       |    16 ||    20
         Kick              |       |       |     5 ||     5
         Peck              |       |       |     6 ||     6
   Cast: Foxfire           |    49 |    42 |    55 ||   146
         Scorch            |       |    13 |    62 ||    75
         Inner Flame       |       |       |     3 ||     3
    Use: Potion            |       |     1 |     2 ||     3
         Scroll            |       |     3 |     7 ||    10
 Armour: Robe              |     6 |     1 |     8 ||    15
  Dodge: Dodged            |    26 |     4 |    55 ||    85
